Map: Lightshade LE

Players

Oreo

  • Race: Zerg Zerg
  • Spawn Location: 5:00

Ranger - Winner!

  • Race: Protoss Protoss
  • Spawn Location: 11:00

Event: DreamHack SC2 Masters 2020 Winter

VOD

Have the link to the VOD?

Description

Time

  • Played on: Oct. 10, 2020, 10:54 p.m.
  • Length: 6:32

All games in this series

Show
View Real Time Build Order
Export as new Build Order

Oreo Zerg 

Build Orders: Pool First 

Get SALT Encoding   

  12  0:00  Drone  
  13  0:12  Overlord  
  13  0:16  Drone  
  14  0:30  Drone x2  
  14  0:35  Extractor  
  15  0:42  Spawning Pool  
  14  0:46  Drone  
  16  0:50  Drone  
  16  0:56  Drone  
  17  1:21  Hatchery  
  16  1:29  Zergling x4  
  16  1:30  Zergling x2  
  19  1:43  Queen  
  21  1:48  Drone  
  22  2:00  Overlord  
  22  2:03  Metabolic Boost  
  22  2:18  Queen  
  22  2:21  Drone x2  
  26  2:23  Drone  
  27  2:34  Drone x2  
  29  2:45  Overlord  
  29  2:46  Drone  
  30  2:59  Drone  
  30  3:00  Drone  
  30  3:02  Hatchery  
  31  3:10  Drone x3  
  34  3:15  Drone  
  35  3:21  Queen  
  35  3:24  Drone  
  37  3:30  Drone x4  
  41  3:38  Overlord  
  41  3:39  Drone  
  42  3:47  Overlord  
  42  3:48  Overlord  
  42  3:59  Queen  
  42  4:00  Drone x2  
  46  4:03  Overlord  
  46  4:05  Drone x2  
  46  4:09  Zergling x2  
  49  4:14  Roach Warren  
  49  4:15  Queen  
  50  4:17  Zergling x2  
  50  4:18  Zergling x2  
  50  4:22  Zergling x2  
  50  4:23  Zergling x2  
  54  4:25  Zergling x2  
  54  4:30  Zergling x2  
  56  4:35  Zergling x2  
  56  4:36  Zergling x8  
  61  4:40  Drone x3  
  63  4:46  Overlord  
  63  4:50  Drone  
  63  4:51  Drone  
  63  4:52  Queen  
  67  4:57  Drone  
  68  5:00  Drone  
  68  5:06  Spore Crawler  
  68  5:07  Spore Crawler  
  68  5:08  Drone x2, Spore Crawler  
  68  5:09  Zergling x2  
  67  5:17  Zergling x12  
  73  5:25  Roach x3  
  77  5:29  Roach x2  
  77  5:35  Roach x2  
  81  5:41  Roach x2  
  82  5:48  Roach x2  
  81  5:57  Roach x2  
  64  6:05  Roach  
Show
View Real Time Build Order
Export as new Build Order

Ranger Protoss - Winner!

Build Orders: 1 Gate Expand, Mass Adepts 

Get SALT Encoding   

  12  0:00  Probe  
  13  0:12  Probe  
  14  0:20  Pylon  
  14  0:24  Probe  
  15  0:38  Gateway, Probe (Chrono Boost)  
  16  0:48  Assimilator, Probe (Chrono Boost)  
  17  0:53  Probe (Chrono Boost)  
  18  1:04  Probe  
  19  1:20  Nexus  
  19  1:30  Cybernetics Core  
  19  1:33  Probe  
  20  1:40  Pylon  
  20  1:45  Probe  
  21  1:52  Gateway  
  21  1:57  Zealot (Chrono Boost)  
  22  2:03  Assimilator  
  22  2:06  Probe  
  23  2:14  Adept (Chrono Boost)  
  23  2:18  Probe  
  23  2:19  Warp Gate  
  26  2:33  Probe (Chrono Boost)  
  28  2:40  Probe (Chrono Boost)  
  28  2:41  Adept  
  28  2:42  Shield Battery  
  30  2:45  Probe (Chrono Boost)  
  30  2:47  Probe (Chrono Boost)  
  32  2:55  Twilight Council  
  32  2:58  Probe  
  33  3:00  Probe  
  34  3:10  Probe  
  34  3:12  Robotics Facility  
  35  3:13  Probe  
  36  3:22  Probe  
  36  3:25  Probe  
  36  3:28  Stalker (Chrono Boost)  
  36  3:33  Gateway  
  38  3:34  Probe  
  38  3:37  Resonating Glaives (Chrono Boost)  
  38  3:38  Probe  
  40  3:46  Probe  
  40  3:48  Gateway  
  41  3:50  Probe  
  42  4:00  Gateway  
  42  4:01  Gateway  
  42  4:07  Warp Prism (Chrono Boost)  
  44  4:13  Pylon  
  44  4:14  Pylon  
  44  4:38  Adept x3  
  48  4:43  Pylon  
  46  4:58  Adept x2  
  46  4:59  Adept x4  
  58  5:03  Probe  
  58  5:04  Pylon  
  57  5:15  Adept  
  57  5:19  Adept x4  
  57  5:20  Adept  
  69  5:30  Pylon  
  69  5:39  Adept x2  
  69  5:40  Adept x2  
  77  5:51  Zealot x2  
  79  6:05  Probe x2  
  79  6:09  Adept x2  
  79  6:10  Adept  
Tags
 
Add a new tag
Caveats
  • Supply blocks, unpowered buildings, or Contaminate may cause inaccurate times.
  • Supply counts are checked every 10 seconds.